 Dungeon Crawl Stone Soup version 0.27-a0-1202-ge72e491 (webtiles) character file.

Game seed: 5921880704022741408

62 Meow the Stinger (level 4, -2/36 HPs)
             Began as a Naga Venom Mage on June 1, 2021.
             Slain by a goblin
             ... wielding a +0 club
              (3 damage)
             ... on level 3 of the Dungeon.
             The game lasted 00:03:38 (1980 turns).

Meow the Stinger (Naga Venom Mage)                  Turns: 1980, Time: 00:03:38

Health: -2/36      AC:  2    Str: 11    XL:     4   Next: 8%
Magic:  4/8        EV:  9    Int: 16    God:
Gold:   51         SH:  0    Dex: 11    Spells: 2/9 levels left

rFire    . . .     SeeInvis +   a - +0 whip (drain)
rCold    . . .     Faith    .   (no shield)
rNeg     . . .     Spirit   .   e - +0 robe
rPois    +         Reflect  .   (no helmet)
rElec    .         Harm     .   (no cloak)
rCorr    .         Rampage  .   (no gloves)
Will     .....                  (no barding)
Stlth    +.........             (no amulet)
HPRegen  0.12/turn              (no ring)
MPRegen  0.11/turn              (no ring)

@: confused, very slow
A: AC +1, large, see invisible, deformed body, poison resistance, slowness 2,
spit poison 1, naga tail 1
a: Spit Poison


You were on level 3 of the Dungeon.
You visited 1 branch of the dungeon, and saw 3 of its levels.

You collected 51 gold pieces.

Inventory:

Hand Weapons
 a - a +0 whip of draining (weapon)
Missiles
 c - 32 sling bullets
 f - 50 stones (quivered)
 h - 24 bolts
 k - 8 javelins
Armour
 e - a +0 robe (worn)
Scrolls
 b - a scroll of amnesia {unknown}
 i - a scroll of summoning {unknown}
Potions
 d - a potion of lignification {unknown}
 g - a potion of heal wounds {unknown}
 j - a potion of invisibility {unknown}
 l - a potion of curing {unknown}


   Skills:
 - Level 1.5 Dodging
 - Level 3.0 Stealth
 + Level 3.1 Spellcasting
 + Level 2.3 Conjurations
 - Level 1.0 Transmutations
 - Level 4.0 Poison Magic


You had 2 spell levels left.
You knew the following spells:

 Your Spells              Type           Power      Damage    Failure   Level
a - Sting                 Tmut/Pois      40%        1d5       7%          1
c - Mephitic Cloud        Conj/Pois/Air  9%         N/A       24%         3
C - Ignite Poison         Fire/Tmut/Pois 7%         N/A       28%         3

Your spell library contained the following spells:

 Spells                   Type           Power      Damage    Failure   Level
 Poisonous Vapours        Pois/Air       16%        N/A       12%         2
 Summon Small Mammal      Summ           8%         N/A       19%         1
 Call Imp                 Summ           2%         N/A       28%         2
 Olgreb's Toxic Radiance  Pois           15%        N/A       34%         4
 Call Canine Familiar     Summ           2%         N/A       50%         3
 Summon Guardian Golem    Hex/Summ       2%         N/A       50%         3
 Summon Ice Beast         Ice/Summ       2%         N/A       88%         4
 Summon Lightning Spire   Summ/Air       2%         N/A       88%         4


Dungeon Overview and Level Annotations

Branches:
Dungeon (3/15)

Altars:
Hepliaklqana


Innate Abilities, Weirdness & Mutations

Your serpentine skin is tough. (AC +1)
You have supernaturally acute eyesight. (SInv)
Armour fits poorly on your strangely shaped body.
Your system is resistant to poisons. (rPois)
You cover ground very slowly.
You can spit poison.
You have a snake-like lower body.


Message History

Found a stone staircase leading down.
There is an escape hatch in the floor here.
Press: ? - help, Shift-Dir - straight line, f - bat
Aim: a bat The splash of poison hits the bat.
The bat is poisoned.
The bat is severely wounded.
The bat hits you but does no damage. The orc hits you with a +0 flail.
The bat closely misses you. The orc hits you with a +0 flail!
Things that are here:
a +0 club; an orc corpse You kill the bat!
There is a stone staircase leading up here.
You barely miss the orc.
A kobold comes into view. It is wielding a +0 short sword.
The orc closely misses you.
A worm comes into view.
You have got your breath back.
The orc wizard shouts!
The kobold shouts!
You hear a shout!
The orc completely misses you. The orc hits you with a +0 flail.
The orc barely misses you.
There is a stone staircase leading up here.
You hit the orc.
The orc is heavily wounded.
The kobold hits you but does no damage. The orc hits you with a +0 flail!
* * * LOW HITPOINT WARNING * * *
The orc wizard casts a spell at you.
You are confused.
The kobold barely misses you. The orc closely misses you.
You hit the orc.
You kill the orc!
The orc wizard gestures at itself while chanting.
The orc wizard flickers and vanishes for a moment.
The kobold hits you with a +0 short sword.
* * * LOW HITPOINT WARNING * * *
The kobold completely misses you.
You see here a +0 flail.
The orc wizard hits you with a +0 dagger.
* * * LOW HITPOINT WARNING * * *
The kobold barely misses you. The goblin hits you with a +0 club.
You die...

###. ### ....
#.+ ..... #.#
... . #.###.#
...
####)@g..#....
#...Ko......(.
#....†>.......
#.............
#....?.w......
#....†.......>
##########....
.... ...


You could see a worm, an orc wizard (invisible), a goblin and a kobold.

Vanquished Creatures
  An orc priest (D:3)
  A worm (D:2)
  An orc (D:3)
  2 ball pythons
  An endoplasm (D:1)
  2 giant cockroaches
  A goblin (D:1)
  A hobgoblin (D:1)
  6 kobolds
  A quokka (D:1)
  5 bats
  A frilled lizard (D:2)
  6 rats
29 creatures vanquished.

Notes
Turn   | Place    | Note
-------+----------+-------------------------------------------
     0 | D:1      | Meow the Naga Venom Mage began the quest for the Orb.
     0 | D:1      | Reached XP level 1. HP: 15/15 MP: 3/3
   348 | D:1      | Reached skill level 1 in Conjurations
   348 | D:1      | Reached XP level 2. HP: 22/22 MP: 5/5
   968 | D:2      | Found a hazy altar of Hepliaklqana.
  1000 | D:2      | Reached XP level 3. HP: 28/28 MP: 6/6
  1004 | D:2      | Learned a level 3 spell: Mephitic Cloud
  1008 | D:2      | Learned a level 3 spell: Ignite Poison
  1636 | D:2      | Found a faded altar of an unknown god.
  1968 | D:3      | Reached XP level 4. HP: 33/36 MP: 2/8
  1980 | D:3      | HP: 1/36 [orc wizard/+0 dagger (2)]
  1980 | D:3      | Slain by a goblin

Illustrated notes

Levels and vault maps discovered:
D:1:      kennysheep_arrival_forest, layout_loops_ring
D:2:      layout_basic, hellmonk_ecumenical_altar_heavens_door, basic_altar,
          columned_hall_lemuel
D:3:      layout_basic

Skill      XL: |  1  2  3 |
---------------+----------+-----
Conjurations   | 1 2 |  2.3
Spellcasting   | 3 |  3.1
Dodging        | |  1.5
Stealth        | |  3.0
Transmutations | |  1.0
Poison Magic   | |  4.0

Action                   |  1- 3 |  4- 6 || total
-------------------------+-------+-------++-------
Melee: Mace              |     9 |       ||     9
       Whip              |     5 |     3 ||     8
Throw: Stone             |     4 |       ||     4
 Cast: Sting             |    19 |       ||    19
       Mephitic Cloud    |     1 |       ||     1
 Abil: Spit Poison       |    27 |     1 ||    28
Armor: Robe              |     6 |     2 ||     8
Dodge: Dodged            |    12 |     9 ||    21

Table legend: (Time is in decaauts)
 A = Elapsed time spent in this place.
 B = Non-inter-level travel time spent in this place.
 C = Inter-level travel time spent in this place.
 D = Time resting spent in this place.
 E = Time spent auto-exploring this place.
 F = Levels seen in this place.
 G = Mean time per level.
                   A        B        C        D        E       F      G
               +--------+--------+--------+--------+--------+-----+--------+
         Total |   2648 |   2560 |     88 |    174 |   2139 |   3 |  882.7 |
       Dungeon |   2648 |   2560 |     88 |    174 |   2139 |   3 |  882.7 |
               +--------+--------+--------+--------+--------+-----+--------+

Top non-repeatable levels by time:
     D:2: 1543 daAuts
     D:1: 1076 daAuts
     D:3: 28 daAuts
